 Dungeon Crawl Stone Soup version 0.19.1-1-g22dce08 (webtiles) character file.

185 godfroggy the Cudgeler (level 5, -8/45 HPs)
             Began as a Minotaur Fighter on Jan 6, 2017.
             Was a Follower of Qazlal.
             Mangled by a two-headed ogre
             ... wielding a +0 giant club
              (25 damage)
             ... on level 4 of the Dungeon.
             The game lasted 00:14:46 (2447 turns).

godfroggy the Cudgeler (Minotaur Fighter)           Turns: 2447, Time: 00:14:47

Health: -8/45      AC: 10    Str: 20    XL:     5   Next: 37%
Magic:  4/4        EV:  7    Int:  5    God:    Qazlal [*.....]
Gold:   170        SH: 11    Dex: 11    Spells: 0 memorised, 4 levels left

rFire  . . .     SeeInvis .     j - +1 whip
rCold  . . .     Gourm    .     b - +0 scale mail
rNeg   . . .     Faith    .     c - +0 shield
rPois  +         Spirit   .     (helmet restricted)
rElec  .         Reflect  .     o - +1 cloak
rCorr  .         Harm     .     w - +0 pair of gloves
MR     .....                    (no boots)
Stlth  ..........               e - amulet of rage
                                (no ring)
                                u - ring of poison resistance

@: no status effects
A: retaliatory headbutt, horns 2
a: Renounce Religion, Evoke Berserk Rage


You were on level 4 of the Dungeon.
You worshipped Qazlal.
Qazlal was aware of your devotion.
You were very hungry.

You visited 1 branch of the dungeon, and saw 4 of its levels.

You collected 170 gold pieces.

Inventory:

Hand Weapons
 a - a +0 blowgun
 j - a +1 whip (weapon)
Missiles
 t - 11 poisoned needles
Armour
 b - a +0 scale mail (worn)
 c - a +0 shield (worn)
 o - a +1 cloak (worn)
 w - a +0 pair of gloves (worn)
Jewellery
 e - an amulet of rage (around neck)
 u - a ring of poison resistance (left hand)
Scrolls
 k - 2 scrolls of remove curse
 l - a scroll of blinking {unknown}
 q - a scroll of recharging
Potions
 d - 2 potions of might
 h - a potion of curing {unknown}
 i - a potion of brilliance {unknown}
 m - a potion of mutation {unknown}
 n - 2 potions of heal wounds {unknown}
 v - a potion of ambrosia {unknown}
Comestibles
 f - 4 bread rations
 g - a beef jerky
 p - a slice of pizza
 r - 3 fruits
 s - a meat ration


   Skills:
 - Level 3.6 Fighting
 + Level 6.8 Maces & Flails
 - Level 3.6 Armour
 - Level 3.6 Shields


You had 4 spell levels left.
You didn't know any spells.

Dungeon Overview and Level Annotations

Branches:
Dungeon (4/15)
 Temple: D:4-7

Altars:
Qazlal
Uskayaw

Shops:
D:4 (=

Annotations:
D:2 Terence


Innate Abilities, Weirdness & Mutations

You reflexively headbutt those who attack you in melee.
You have a pair of horns on your head.


Message History

Found 13 gold pieces.
Found 86 gold pieces.
Found Lotuesoa's Antique Weapon Shop.
Found 14 gold pieces.
An ogre comes into view. It is wielding a giant spiked club.
The ogre shouts!
A leopard gecko comes into view.
The leopard gecko hisses angrily.
You block the leopard gecko's attack.
You are feeling very hungry.
The leopard gecko bites you but does no damage.
The leopard gecko hisses menacingly.
The leopard gecko closely misses you. You furiously retaliate!
You headbutt the leopard gecko!
You kill the leopard gecko!
Qazlal accepts your kill.
You hit the two-headed ogre.
The two-headed ogre is lightly wounded.
The two-headed ogre hits you with a giant club!!
Ouch! That really hurt!
You die...

## ### .#### #.#
....####.##
.###......# ###
..# #...## ###@#
..# #...###.O##
..## #...†.O###
...#####.....##
............##
.........##..#
........#####...
....#..## #..#
..##...# ###


You could see a two-headed ogre and an ogre.

Vanquished Creatures
  An iguana (D:4)
  A worker ant (D:4)
  4 adders
  A howler monkey skeleton (D:4)
  2 oozes
  4 worms
  2 dart slugs (D:1)
  3 leopard geckos
  3 ball pythons
  3 giant cockroaches
  9 goblins
  9 hobgoblins
  2 jackals (D:3)
  A quokka (D:3)
  7 bats
  4 frilled lizards (D:1)
  6 kobolds
  A quokka skeleton (D:4)
  4 rats
67 creatures vanquished.

Notes
Turn   | Place    | Note
-------+----------+-------------------------------------------
     0 | D:1      | godfroggy the Minotaur Fighter began the quest for the Orb.
     0 | D:1      | Reached XP level 1. HP: 19/19 MP: 0/0
    89 | D:1      | Reached skill level 3 in Maces & Flails
   109 | D:1      | Reached XP level 2. HP: 17/26 MP: 1/1
   508 | D:1      | Reached skill level 4 in Maces & Flails
   654 | D:2      | Reached XP level 3. HP: 27/31 MP: 2/2
   676 | D:2      | Found a hide-covered altar of Uskayaw.
   804 | D:2      | Found a stormy altar of Qazlal.
   809 | D:2      | Became a worshipper of Qazlal Stormbringer
   867 | D:2      | Reached skill level 5 in Maces & Flails
  1005 | D:2      | Noticed Terence
  1256 | D:2      | Reached XP level 4. HP: 34/39 MP: 3/3
  1755 | D:3      | Reached skill level 6 in Maces & Flails
  2228 | D:4      | Found Ugill's Jewellery Boutique.
  2325 | D:4      | Reached XP level 5. HP: 34/45 MP: 4/4
  2364 | D:4      | Reached * piety under Qazlal
  2369 | D:4      | Noticed a two-headed ogre
  2385 | D:4      | Found Lotuesoa's Antique Weapon Shop.
  2395 | D:4      | Noticed an ogre
  2447 | D:4      | Mangled by a two-headed ogre

Skill      XL: |  1  2  3  4 |
---------------+-------------+-----
Maces & Flails | 3 4 5 6 |  6.8
Fighting       | |  3.6
Armour         | |  3.6
Shields        | |  3.6

Action                   |  1- 3 |  4- 6 || total
-------------------------+-------+-------++-------
Melee: Flail             |    35 |       ||    35
       Headbutt          |    22 |    17 ||    39
       Whip              |    92 |    79 ||   171
  Use: Scroll            |       |     8 ||     8
  Eat: Chunk             |     1 |     3 ||     4
Armor: Scale mail        |    29 |    23 ||    52
Dodge: Dodged            |    39 |    14 ||    53
Block: Shield            |    53 |    28 ||    81
